 Dungeon Crawl Stone Soup version 0.31-a0-963-ga325b2283a (webtiles) character file.

Game seed: 6700171353163493090

20436 Armakuni the Cruncher (level 13, -9/93 HPs)
             Began as a Human Reaver on Oct 24, 2023.
             Was a High Priest of Lugonu.
             Killed from afar by an oklob plant (24 damage)
             ... with a splash of acid
             ... on level 3 of the Lair of Beasts.
             The game lasted 00:25:44 (9320 turns).

Armakuni the Cruncher (Human Reaver)                Turns: 9320, Time: 00:25:45

Health: -9/93      AC:  6    Str: 13    XL:     13   Next: 12%
Magic:  20/20      EV: 21    Int: 15    God:    Lugonu [*****.]
Gold:   1301       SH:  0    Dex: 14    Spells: 12/16 levels left

rFire   . . .        a - +4 lajatang (elec)
rCold   . . .        (shield currently unavailable)
rNeg    + . .        i - +4 scale mail
rPois   +            r - +2 helmet
rElec   .            w - +2 ratskin cloak {*Rats rPois rN+ Str-1 Int-1 Dex+1}
rCorr   .            e - +0 pair of gloves
SInv    .            c - +0 pair of boots
Will    .....        R - amulet of regeneration Stlth
                     E - +5 ring of evasion
HPRegen 1.15/turn    V - +5 ring of evasion
MPRegen 0.17/turn

%: no passive effects
@: corroded, studying Invocations
A: no striking features
a: Renounce Religion, Depart the Abyss, Banish, Corrupt, Enter the Abyss


You were on level 3 of the Lair of Beasts.
You worshipped Lugonu.
Lugonu was extremely pleased with you.
You visited 3 branches of the dungeon, and saw 13 of its levels.

You collected 1433 gold pieces.
You spent 132 gold pieces at shops.

Inventory:

Hand Weapons
 a - a +4 lajatang of electrocution (weapon)
 b - the +9 trident of Experimentation {antimagic, rC+}
   (You found it on level 3 of the Dungeon)

   rC+:       It protects you from cold.
Missiles
 d - 2 darts of dispersal
 u - 2 throwing nets
Armour
 c - a +0 pair of boots (worn)
 e - a +0 pair of gloves (worn)
 i - a +4 scale mail (worn)
 r - a +2 helmet (worn)
 v - a +1 buckler
 w - the +2 ratskin cloak (worn) {*Rats rPois rN+ Str-1 Int-1 Dex+1}
   (You found it on level 7 of the Dungeon)

   *Rats:     When the wearer is hurt, rats may emerge from it to assist them.
   Str-1:     It affects your strength (-1).
   Int-1:     It affects your intelligence (-1).
   Dex+1:     It affects your dexterity (+1).
   rPois:     It protects you from poison rN+: It protects you from negative
   energy.
Jewellery
 f - an amulet of magic regeneration
 A - an amulet of the acrobat
 E - a +5 ring of evasion (left hand)
 F - a ring of fire
 H - an amulet of reflection
 I - a +6 ring of intelligence
 R - an amulet of regeneration (around neck)
 V - a +5 ring of evasion (right hand)
Wands
 m - a wand of flame (29)
 y - a wand of polymorph (12)
 C - a wand of light (15)
Scrolls
 g - a scroll of brand weapon
 j - a scroll of fear
 n - 5 scrolls of teleportation
 o - 2 scrolls of immolation
 p - 3 scrolls of amnesia
 q - 2 scrolls of fog
 t - a scroll of poison
 x - 4 scrolls of revelation
 B - 2 scrolls of identify
 J - a scroll of vulnerability
 K - a scroll of enchant armour
Potions
 h - a potion of resistance
 k - 3 potions of cancellation
 l - 5 potions of brilliance
 s - 2 potions of invisibility
 z - a potion of lignification
 D - 2 potions of heal wounds
 L - a potion of might
 X - a potion of mutation


   Skills:
 + Level 6.1 Fighting
 - Level 3.0(9.4) Maces & Flails
 - Level 13.8(14.0) Staves
 - Level 10.0 Armour
 - Level 5.0 Dodging
 - Level 4.0 Shields
 - Level 2.0 Spellcasting
 - Level 4.8 Conjurations
 + Level 9.5 Invocations


You had 12 spell levels left.
You knew the following spells:

 Your Spells              Type           Power      Damage    Failure   Level
a - Kiss of Death         Conj/Necr      32%        2d7       28%         1
h - Hailstorm             Conj/Ice       8%         3d4       63%         3

Your spell library contained the following spells:

 Spells                   Type           Power      Damage    Failure   Level
 Momentum Strike          Conj/Tloc      16%        3d8       38%         2
 Slow                     Hex            4%         N/A       58%         1
 Passwall                 Tmut/Erth      0%         N/A       75%         2
 Scorch                   Fire           2%         2d5       75%         2
 Sublimation of Blood     Necr           1%         N/A       75%         2
 Confusing Touch          Hex            1%         N/A       92%         3
 Gell's Gravitas          Tloc           1%         N/A       92%         3
 Sigil of Binding         Hex            1%         N/A       92%         3
 Teleport Other           Tloc           1%         N/A       92%         3
 Vampiric Draining        Necr           1%         2d6       92%         3
 Flame Wave               Conj/Fire      8%         2d5       95%         4
 Anguish                  Hex/Necr       0%         N/A       100%        4
 Leda's Liquefaction      Hex/Erth       0%         N/A       100%        4
 Petrify                  Tmut/Erth      1%         N/A       100%        4
 Irradiate                Conj/Tmut      4%         3d13      100%        5
 Dispersal                Tloc           0%         N/A       100%        6
 Simulacrum               Ice/Necr       0%         N/A       100%        6
 Summon Cactus Giant      Summ           0%         N/A       100%        6


Dungeon Overview and Level Annotations

Branches:
Dungeon (9/15)             Temple (1/1) D:6            Lair (3/5) D:9
 Shoals (0/4) Lair:3        Snake (0/4) Lair:2          Orc (0/2) D:9

Altars:
Ashenzari
Cheibriados
Dithmenos
Elyvilon
Fedhas
Gozag
Hepliaklqana
Kikubaaqudgha
Makhleb
Nemelex Xobeh
Okawaru
Qazlal
Ru
Sif Muna
Trog
Uskayaw
Vehumet
Wu Jian
Xom
Yredelemnul
Zin
The Shining One
Lugonu

Shops:
D:4 ?   D:5 [

Annotations:
Temple 2 transporters
Lair:3 exclusion: oklob plant


Message History

You slash the oklob plant!
The oklob plant is heavily damaged.
Your river rat bites the bush but does no damage.
You hit the oklob plant but do no damage.
The oklob plant is heavily damaged.
Your river rat bites the bush but does no damage.
You hit the oklob plant.
The oklob plant is heavily damaged.
The oklob plant spits acid at you. The splash of acid hits you!
The acid corrodes you!
You hit the oklob plant but do no damage.
The oklob plant is heavily damaged.
Your river rat bites the bush!
The oklob plant spits acid at you. The splash of acid hits you!!
The acid corrodes you!
You slice the oklob plant!!
The oklob plant is almost destroyed.
Your river rat bites the bush.
You hit the oklob plant but do no damage.
The oklob plant is almost destroyed.
The oklob plant spits acid at you. The splash of acid hits you!!
* * * LOW HITPOINT WARNING * * *
A river rat scurries out from under your cloak.
You swap places.
Your river rat completely misses the oklob plant.
The oklob plant spits acid at you. The splash of acid hits your river rat!
The acid corrodes your river rat!
Your river rat bites the oklob plant.
The oklob plant spits acid at your river rat.
The splash of acid hits your river rat!!
Your river rat seems to be corroded for longer.
Your river rat dies!
Your river rat bites the bush but does no damage.
The oklob plant spits acid at your river rat.
The splash of acid hits your river rat!!
Your river rat dies!
The oklob plant spits acid at you. The splash of acid hits you!!
You die...

........................†
.......$.........#.#>#.#.
.#....PPP................
..##.$PPP..##....#.#.#.#(
......P.P.# #.#..........
...#P....## ##...#.#.#.#.
###..## ##..........
#...### ##..#.#.#.#.
#.##..@..###P..........
....PP.#...###..#.#.#.#.
..........## #..........
...P.#.P.#†####...###..##
..##.#####†.##...## ####
. ## #......P# ###..#P##
######


You could see an oklob plant.

Vanquished Creatures
  The ghost of Vorhees the Skirmisher, a journeyman DEHu of Zin (Lair:1)
  A two-headed ogre (D:9)
  4 cane toads
  4 black mambas
  A torpor snail (Lair:1)
  2 rime drakes (Lair:3)
  3 komodo dragons (Lair:1)
  2 polar bears
  A hornet (D:8)
  8 blink frogs
  4 dream sheep (Lair:3)
  Sigmund (D:4)
  A spriggan (Lair:3)
  29 yaks
  4 wyverns
  A steam dragon (D:9)
  Grum (D:8)
  A naga (Lair:2)
  An acid dragon (D:8)
  Duvessa (D:6)
  5 water moccasins
  A sky beast (D:7)
  A swamp drake (D:9)
  4 orc warriors
  An ogre (D:4)
  An ice beast (D:8)
  5 black bears
  3 centaurs
  2 phantoms
  7 wolves
  10 bullfrogs
  A gnoll sergeant (D:9)
  3 scorpions
  3 wights (D:7)
  Dowan (D:6)
  10 killer bees
  An electric eel (Lair:3)
  7 howler monkeys
  3 hounds
  2 gnoll boudas
  6 orc priests
  Crazy Yiuf (D:6)
  A jelly (D:7)
  4 iguanas
  7 orc wizards
  20 gnolls
  5 adders
  A shadow imp (D:7)
  3 white imps
  3 worms (D:2)
  The ghost of Azuregosa the Sneak, a weakling OpDe (D:5)
  4 dart slugs
  38 orcs
  3 endoplasms
  3 giant cockroaches
  6 goblins
  10 hobgoblins
  6 jackals
  6 kobolds
  3 quokkas
  8 ball pythons
  4 bats
  2 frilled lizards
  4 rats
291 creatures vanquished.

Vanquished Creatures (collateral kills)
  5 yaks
  A basilisk (Lair:1)
  A naga (Lair:2)
  A centaur (D:9)
  2 bullfrogs (D:9)
  A killer bee (D:8)
  An orc priest (D:8)
  A gnoll (D:9)
  An orc (D:9)
14 creatures vanquished.

Grand Total: 305 creatures vanquished

Notes
Turn   | Place    | Note
-------+----------+-------------------------------------------
     0 | D:1      | Armakuni the Human Reaver began the quest for the Orb.
     0 | D:1      | Reached XP level 1. HP: 16/16 MP: 3/3
   184 | D:1      | Noticed a great orb of eyes
   187 | D:1      | Found a faded altar of an unknown god.
   188 | D:1      | Noticed a great orb of eyes
   188 | D:1      | Noticed a golden eye
   188 | D:1      | Noticed a golden eye
   217 | D:1      | Prayed at the altar of an unknown god.
   217 | D:1      | Became a worshipper of Lugonu the Unformed
   217 | D:1      | Reached * piety under Lugonu
   260 | D:1      | Reached XP level 2. HP: 22/22 MP: 5/5
   695 | D:2      | Reached XP level 3. HP: 27/27 MP: 6/6
   922 | D:2      | Reached XP level 4. HP: 32/33 MP: 7/7
   980 | D:2      | Reached ** piety under Lugonu
   999 | D:2      | Learned a level 3 spell: Hailstorm
  1152 | D:3      | Identified the "Fuosiu"
  1464 | D:3      | Reached skill level 1 in Staves
  1496 | D:3      | Reached XP level 5. HP: 24/39 MP: 8/8
  1605 | D:3      | Identified the +9 trident of Experimentation {antimagic,
                  | rC+}
  1968 | D:4      | Found Unnuetor's Magic Scroll Shop.
  1971 | D:4      | Bought a scroll of amnesia for 44 gold pieces
  1971 | D:4      | Bought a scroll of fog for 44 gold pieces
  1971 | D:4      | Bought a scroll of identify for 22 gold pieces
  1987 | D:4      | Bought a scroll of identify for 22 gold pieces
  2026 | D:4      | Reached skill level 2 in Staves
  2202 | D:4      | Reached XP level 6. HP: 47/47 MP: 3/9
  2317 | D:4      | Noticed Sigmund
  2323 | D:4      | Killed Sigmund
  2324 | D:4      | Reached skill level 3 in Staves
  2324 | D:4      | Reached XP level 7. HP: 55/55 MP: 3/10
  2371 | D:4      | Reached skill level 4 in Staves
  2776 | D:5      | Entered Level 5 of the Dungeon
  2806 | D:5      | Reached *** piety under Lugonu
  2898 | D:5      | Reached skill level 5 in Fighting
  2898 | D:5      | Reached skill level 1 in Shields
  2934 | D:5      | Found a broken altar of Ashenzari.
  2966 | D:5      | Reached XP level 8. HP: 62/62 MP: 3/11
  3164 | D:5      | Found Dafiqux's Antique Armour Shop.
  3291 | D:5      | Found a runed translucent gate.
  3291 | D:5      | Found a runed translucent gate.
  3291 | D:5      | Found a runed translucent gate.
  3292 | D:5      | Noticed Azuregosa's ghost (weakling OpDe)
  3316 | D:5      | Killed Azuregosa's ghost
  3479 | D:5      | Reached skill level 1 in Invocations
  3482 | D:5      | Reached skill level 1 in Armour
  3725 | D:6      | Noticed a wyvern
  3736 | D:6      | Killed a wyvern
  3881 | D:6      | Found a staircase to the Ecumenical Temple.
  3920 | Temple   | Found a transporter.
  3920 | Temple   | Found a transporter.
  3920 | Temple   | Found a transporter.
  3920 | Temple   | Found a transporter.
  3920 | Temple   | Entered the Ecumenical Temple
  4077 | D:6      | Reached skill level 5 in Invocations
  4077 | D:6      | Reached XP level 9. HP: 68/68 MP: 4/12
  4287 | D:6      | Found a runed translucent door.
  4288 | D:6      | Noticed Crazy Yiuf
  4294 | D:6      | Killed Crazy Yiuf
  4371 | D:6      | Noticed Duvessa
  4371 | D:6      | Noticed Dowan
  4383 | D:6      | Killed Duvessa
  4390 | D:6      | Killed Dowan
  4574 | D:7      | Found the +2 ratskin cloak {*Rats rPois rN+ Str-1 Int-1
                  | Dex+1}
  4947 | D:7      | Identified the +1 plate armour of Omission {rN+ Regen+
                  | rCorr}
  5033 | D:7      | Reached skill level 5 in Staves
  5306 | D:8      | Found an ancient bone altar of Kikubaaqudgha.
  5447 | D:8      | Noticed a hornet
  5460 | D:8      | Killed a hornet
  5555 | D:8      | Reached skill level 6 in Staves
  5555 | D:8      | Reached skill level 5 in Armour
  5555 | D:8      | Reached XP level 10. HP: 74/74 MP: 5/15
  5564 | D:8      | Reached **** piety under Lugonu
  5616 | D:8      | Noticed Grum
  5630 | D:8      | Reached skill level 7 in Staves
  5638 | D:8      | Killed Grum
  5863 | D:8      | Reached skill level 8 in Staves
  6078 | D:9      | Reached XP level 11. HP: 79/79 MP: 5/16
  6078 | D:9      | Found a staircase to the Lair.
  6120 | D:9      | Reached skill level 9 in Staves
  6124 | D:9      | Reached ***** piety under Lugonu
  6148 | D:9      | Identified 2 scrolls of acquirement
  6148 | D:9      | Acquired 734 gold pieces
  6151 | D:9      | Acquired a manual of Invocations
  6298 | D:9      | Found a glowing silver altar of Zin.
  6399 | D:9      | Found a burning altar of Makhleb.
  6435 | D:9      | Noticed a two-headed ogre
  6444 | D:9      | Killed a two-headed ogre
  6557 | D:9      | Found a staircase to the Orcish Mines.
  6730 | D:9      | Found a radiant altar of Vehumet.
  6794 | IceCv    | Identified the of Ojicopp
  6794 | Lair:1   | Entered Level 1 of the Lair of Beasts
  6813 | D:9      | Reached skill level 10 in Staves
  6910 | Lair:1   | Reached skill level 10 in Armour
  7085 | Lair:1   | Found a runed translucent door.
  7122 | Lair:1   | Reached skill level 11 in Staves
  7235 | Lair:1   | Acquired a +4 lajatang of electrocution
  7360 | Lair:1   | Reached XP level 12. HP: 72/86 MP: 17/17
  7416 | Lair:1   | Noticed Vorhees's ghost (journeyman DEHu)
  7863 | Lair:1   | Killed Vorhees's ghost
  8070 | Lair:1   | Reached skill level 12 in Staves
  8103 | Lair:2   | Reached skill level 5 in Dodging
  8275 | Lair:2   | Reached skill level 13 in Staves
  8623 | Lair:2   | Found a staircase to the Snake Pit.
  9138 | Lair:3   | Reached XP level 13. HP: 82/91 MP: 19/19
  9154 | Lair:3   | Found a staircase to the Shoals.
  9320 | Lair:3   | Killed from afar by an oklob plant

Illustrated notes

Levels and vault maps discovered:
D:1:      psy_arrival_basics, layout_rooms,
          hellmonk_ecumenical_altar_watching_god,
          corexii_item_surrounded_by_moat
D:2:      layout_rooms, minmay_tetromino_i4
D:3:      layout_basic, chequers_serial_rivers_room_b
D:4:      layout_loops_ring, serial_shops, nicolae_stop_n_shop_2,
          kennysheep_minor_cross, kennysheep_boxes, uniq_sigmund
D:5:      layout_loops_corners, nicolae_overflow_hidden_temple, serial_shops,
          shop, ebering_ghost_rock_garden, serial_bayou_crossing
D:6:      kennysheep_spiral_hall, layout_loops_ring, temple_pool_b,
          kennysheep_generic_room_14, uniq_crazy_yiuf_cottage, uniq_duvessa
D:7:      layout_gridville
D:8:      layout_loops_cross, kiku_gazebo_pond_becter, uniq_grum
D:9:      layout_cave_pools, lightli_temple_of_fire, zin_academy,
          lemuel_coloured_pillars_altar, due_lair_maze_entry_diamond, erik_orc_1
Temple:   hellmonk_temple_divided_pantheon
Lair:1:   wander_river, layout_chaotic_city, hellmonk_ghost_happy_afterlife,
          wad_woods_06
Lair:2:   layout_loops_ring, guppyfry_snake_entry_garden, minivault_27,
          grunt_megastairs_2, serial_bayou_shore_b
Lair:3:   layout_gridlike, elwin_shoals_entry_rocks, st_stairs_11,
          minmay_lair_oklob_bushes, grunt_forest_stairs_clearing,
          infiniplex_staircase_pool, grunt_megastairs_4

Skill      XL: |  1  2  3  4  5  6  7  8  9 10 11 12 13 |
---------------+----------------------------------------+-----
Conjurations   | 4 |  4.8
Staves         | 1 2 3 4 6 8 11 13 | 13.8
Fighting       | 3 4 5 6 |  6.1
Shields        | 2 4 |  4.0
Invocations    | 5 7 8 9 |  9.5
Armour         | 3 5 8 10 | 10.0
Dodging        | 5 |  5.0
Maces & Flails | |  3.0
Spellcasting   | |  2.0

Action                     |  1- 3 |  4- 6 |  7- 9 | 10-12 | 13-15 || total
---------------------------+-------+-------+-------+-------+-------++-------
  Melee: Mace              |    58 |       |       |       |       ||    58
         Dagger            |    66 |    12 |       |       |       ||    78
         Punch             |     1 |     1 |       |       |       ||     2
         Quarterstaff      |       |    69 |       |       |       ||    69
         Trident           |       |    57 |   294 |   445 |       ||   796
         Lajatang          |       |       |       |   266 |    53 ||   319
   Fire: Sling             |     5 |       |       |       |       ||     5
  Evoke: Wand              |       |       |     1 |     3 |       ||     4
    Use: Scroll            |     2 |    12 |     5 |     4 |       ||    23
         Potion            |       |       |       |     7 |       ||     7
   Stab: Distracted        |       |       |       |     2 |       ||     2
         Invisible         |       |       |       |     1 |       ||     1
 Armour: Leather armour    |    52 |    55 |    61 |       |       ||   168
         Plate armour      |       |       |    40 |   315 |       ||   355
         Skin              |       |       |     9 |       |       ||     9
         Scale mail        |       |       |       |   111 |    22 ||   133
  Dodge: Dodged            |    69 |   102 |   172 |   549 |    15 ||   907
  Block: Other             |    34 |     7 |       |       |       ||    41
         Reflection        |     1 |       |       |       |       ||     1
         Buckler           |       |       |    63 |   156 |       ||   219

Table legend: (Time is in decaauts)
 A = Elapsed time spent in this place.
 B = Non-inter-level travel time spent in this place.
 C = Inter-level travel time spent in this place.
 D = Time resting spent in this place.
 E = Time spent auto-exploring this place.
 F = Levels seen in this place.
 G = Mean time per level.
                   A        B        C        D        E       F      G
               +--------+--------+--------+--------+--------+-----+--------+
         Total |   9386 |   9193 |    193 |    338 |   5706 |  13 |  722.0 |
       Dungeon |   6978 |   6809 |    169 |    153 |   4189 |   9 |  775.3 |
        Temple |      1 |      1 |      0 |      0 |      0 |   1 |    1.0 |
          Lair |   2406 |   2382 |     24 |    185 |   1517 |   3 |  802.0 |
               +--------+--------+--------+--------+--------+-----+--------+

Top non-repeatable levels by time:
  Lair:1: 1162 daAuts
  Lair:2: 984 daAuts
     D:6: 938 daAuts
     D:5: 904 daAuts
     D:4: 827 daAuts
     D:3: 826 daAuts
     D:9: 818 daAuts
     D:8: 748 daAuts
     D:7: 745 daAuts
     D:1: 705 daAuts
     D:2: 463 daAuts
  Lair:3: 259 daAuts
  Temple: 1 daAuts
